 Dungeon Crawl Stone Soup version 0.20.0-15-g7f486f2 (console) character file.

9846 removed the Cruncher (level 11, -6/68 HPs)
             Began as a Deep Elf Fighter on June 11, 2017.
             Mangled by Urug
             ... wielding a +2 eveningstar of crushing
              (24 damage)
             ... on level 10 of the Dungeon.
             The game lasted 00:20:17 (11096 turns).

removed the Cruncher (Deep Elf Fighter)            Turns: 11096, Time: 00:20:18

Health: -6/68      AC:  9    Str: 20    XL:     11   Next: 28%
Magic:  13/13      EV: 20    Int: 14    God:
Gold:   698        SH:  0    Dex: 21    Spells: 8/10 levels left

rFire    . . .     SeeInvis .   a - +5 quarterstaff (crush)
rCold    . . .     Gourm    +   (shield currently unavailable)
rNeg     . . .     Faith    .   L - +3 leather armour
rPois    +         Spirit   .   y - +0 helmet "Mudo" {rPois Str+3 Dex+4}
rElec    .         Reflect  .   s - +1 cloak
rCorr    .         Harm     .   (no gloves)
MR       ++...                  (no boots)
Stlth    ++........             P - amulet of the gourmand
Regen    0.3/turn               i - +4 ring of strength
MPRegen  0.2/turn               O - ring of protection from magic

@: about to teleport
A: no striking features
a: no special abilities


You were on level 10 of the Dungeon.
You were completely stuffed.

You visited 2 branches of the dungeon, and saw 11 of its levels.
You also visited: Sewer.

You collected 698 gold pieces.

Inventory:

Hand Weapons
 a - a +5 quarterstaff of crushing (weapon)
 t - a +0 long sword
 w - a +0 blowgun
 Z - the +11 hand axe of the Red Skies {pain, Str+6 Int+3 SInv, unknown}
   (You found it on level 9 of the Dungeon)

   In the hands of one skilled in necromantic magic, it inflicts extra damage on
   living creatures.
   It affects your strength (+6).
   It affects your intelligence (+3).
   It lets you see invisible.
Missiles
 G - a throwing net (quivered)
Armour
 b - a +0 scale mail
 c - a +0 shield
 s - a +1 cloak (worn)
 y - the +0 helmet "Mudo" (worn) {rPois Str+3 Dex+4}
   (You took it off Robin on level 3 of the Dungeon)

   It affects your strength (+3).
   It affects your dexterity (+4).
   It protects you from poison.
 H - a +2 robe
 J - +0 steam dragon scales
 L - a +3 leather armour (worn)
 M - a +0 robe of fire resistance
Jewellery
 i - a +4 ring of strength (left hand)
 m - an uncursed ring of fire
 C - an uncursed ring of ice
 O - a ring of protection from magic (right hand)
 P - an amulet of the gourmand (around neck)
Wands
 u - a wand of lightning (6/15)
 x - a wand of polymorph (8/24)
 B - a wand of paralysis (3/24)
 D - a wand of random effects (20/48)
 E - a wand of acid (0/15)
 K - a wand of polymorph (4/24)
 S - a wand of polymorph (6/24)
 T - a wand of lightning (0/15)
 V - a wand of disintegration (10/24)
 Y - a wand of iceblast (7/15)
Scrolls
 h - 3 scrolls of remove curse
 k - 9 scrolls of identify
 q - 4 scrolls of fog
 v - a scroll of recharging
 z - a scroll of enchant armour
 A - 2 scrolls of magic mapping
 I - 2 scrolls of immolation
 N - a scroll of teleportation
Potions
 d - 2 potions of might
 l - a potion of agility
 o - a potion of cancellation
 p - 5 potions of curing
 Q - 3 potions of haste
 U - a potion of ambrosia
 W - a potion of heal wounds
Books
 X - a book of Minor Magic

   Spells                             Type                      Level
   a - Magic Dart                     Conjuration                  1
   b - Blink                          Translocation                2
   c - Call Imp                       Summoning                    2
   d - Slow                           Hexes                        2
   e - Conjure Flame                  Conjuration/Fire             3
   f - Mephitic Cloud                 Conjuration/Poison/Air       3
Comestibles
 f - 9 bread rations
 r - 3 royal jellies
 F - 5 meat rations
 R - 4 fruits


   Skills:
 - Level 8.1 Fighting
 - Level 4.0 Long Blades
 - Level 12.3 Staves
 - Level 2.4 Armour
 + Level 9.2 Dodging
 - Level 2.4 Shields


You had 8 spell levels left.
You knew the following spells:

 Your Spells              Type           Power        Failure   Level  Hunger
l - Blink                 Tloc           N/A          45%         2    ###....


Dungeon Overview and Level Annotations

Branches:
Dungeon (10/15)            Temple (1/1) D:4            Lair (0/6) D:8
    Orc: D:9-12

Altars:
Ashenzari
Cheibriados
Dithmenos
Elyvilon
Fedhas
Gozag
Hepliaklqana
Kikubaaqudgha
Makhleb
Nemelex Xobeh
Okawaru
Qazlal
Ru
Sif Muna
Trog
Uskayaw
Vehumet
Xom
Yredelemnul
Zin
The Shining One

Shops:
D:6 =   D:7 }

Annotations:
D:10 Urug


Message History

Evoke which item? (* to show all) (? for menu, Esc to quit)
Aiming: Paralyse (will waste charges)
Press: ? - help, Shift-Dir - straight line, f/p - Urug
Aim: Urug, wielding an eveningstar of crushing and wearing a shiny chain mail (chance to defeat MR: 28%) Urug easily resists.
Evoking this partially-identified wand wasted a few charges.
Urug hits you with an eveningstar of crushing!
Evoke which item? (* to show all) (? for menu, Esc to quit)
Aiming: Paralyse (will waste charges)
Press: ? - help, Shift-Dir - straight line, f/p - Urug
Aim: Urug, wielding an eveningstar of crushing and wearing a shiny chain mail (chance to defeat MR: 28%) Urug easily resists.
Evoking this partially-identified wand wasted a few charges.
Urug hits you with an eveningstar of crushing!!
* * * LOW HITPOINT WARNING * * *
There is an open door here.
As you read the scroll of teleportation, it crumbles to dust.
You feel strangely unstable.
Urug hits you with an eveningstar of crushing!!
You die...

.#<#.......#.###..........(# #...
<..#########.#.'...........# #...
#..#.......#.#.#........>..# +...
##.#.#####.#.'.#...........# #...
##...#>......##########.#### ####
######'###### ####....## # ##..#
#........# ## #..## ####........#
###.
##'########.o@........#####.'.
####O.......##.##........+.....#.
..##[.......#.. #........#######.
#..#........+.# #........# #.
##.'........## #........# #.
###........# ##'####### #.
#........# #.#### ## #####..###
#....# ###...### ####+###### ###


You could see Urug.

Vanquished Creatures
  The ghost of Zwobot the Slasher, a novice DEFi of Hepliaklqana (D:7)
  Grinder (D:3)
  A troll (D:10)
  A hippogriff (D:8)
  Sigmund (D:5)
  Eustachio (D:5)
  2 basilisks (D:8)
  16 yaks
  3 hungry ghosts
  2 steam dragons
  2 insubstantial wisps
  2 water moccasins (D:8)
  2 porcupines (D:8)
  An ice beast (D:7)
  4 sky beasts
  An orc warrior (D:6)
  2 phantoms
  A boggart (D:5)
  4 centaurs
  5 ogres
  3 crocodiles
  7 bullfrogs
  3 big kobolds
  5 scorpions
  4 wights (D:10)
  12 killer bees
  2 howler monkeys
  3 crimson imps
  A bullfrog zombie (D:5)
  A quasit (D:9)
  A jelly (D:8)
  4 hounds
  A bullfrog skeleton (D:9)
  A centaur skeleton (D:5)
  5 orc priests
  5 orc wizards
  Crazy Yiuf (D:2)
  Jessica (D:3)
  3 iguanas
  7 worker ants
  A hound zombie (D:7)
  Robin (D:3)
  A howler monkey zombie (D:9)
  A worker ant zombie (D:9)
  11 gnolls
  2 howler monkey skeletons
  11 adders
  A river rat (D:5)
  A shadow imp (D:5)
  An ooze (D:2)
  2 adder zombies
  3 worms
  10 leopard geckos
  28 orcs
  8 giant cockroaches
  13 goblins
  13 hobgoblins
  14 jackals
  2 quokkas
  4 ball pythons
  9 bats
  2 frilled lizards (D:2)
  21 kobolds
  A leopard gecko skeleton (D:8)
  A quokka skeleton (D:9)
  A quokka zombie (D:5)
  6 rats
292 creatures vanquished.

Vanquished Creatures (others)
  A sky beast (D:7)
  A fungus (D:8)
2 creatures vanquished.

Grand Total: 294 creatures vanquished

Notes
Turn   | Place    | Note
-------+----------+-------------------------------------------
     0 | D:1      | removed the Deep Elf Fighter began the quest for the Orb.
     0 | D:1      | Reached XP level 1. HP: 13/13 MP: 3/3
   187 | D:1      | Reached XP level 2. HP: 14/18 MP: 4/4
  1101 | D:2      | Reached XP level 3. HP: 22/22 MP: 5/5
  1267 | D:2      | Found a runed door.
  1446 | D:2      | Found a hazy altar of Hepliaklqana.
  1447 | D:2      | Found an ancient bone altar of Kikubaaqudgha.
  1787 | D:2      | Found a deep blue altar of Sif Muna.
  1842 | D:2      | Noticed Crazy Yiuf
  1847 | D:2      | Killed Crazy Yiuf
  1847 | D:2      | Reached XP level 4. HP: 27/27 MP: 6/6
  2065 | D:3      | Noticed Grinder
  2078 | D:3      | Killed Grinder
  2078 | D:3      | Reached skill level 4 in Staves
  2078 | D:3      | Reached XP level 5. HP: 11/31 MP: 7/7
  2078 | D:3      | Reached XP level 6. HP: 13/36 MP: 8/8
  2302 | D:3      | Found a radiant altar of Vehumet.
  2493 | D:3      | Noticed Jessica
  2498 | D:3      | Killed Jessica
  2619 | D:3      | Noticed Robin
  2622 | D:3      | Reached skill level 5 in Staves
  2645 | D:3      | Killed Robin
  2647 | D:3      | Got an encrusted helmet
  2653 | D:3      | Identified the cursed +0 helmet "Mudo" {rPois Str+3 Dex+4} (You took it off Robin on level 3 of the Dungeon)
  3368 | D:4      | Found a staircase to the Ecumenical Temple.
  3377 | Temple   | Entered the Ecumenical Temple
  3556 | D:4      | Reached skill level 6 in Staves
  3559 | D:4      | Reached XP level 7. HP: 35/40 MP: 9/9
  4069 | D:4      | Found a shadowy altar of Dithmenos.
  4209 | D:5      | Entered Level 5 of the Dungeon
  4214 | D:5      | Noticed Sigmund
  4218 | D:5      | Killed Sigmund
  4218 | D:5      | Reached skill level 7 in Staves
  4385 | D:5      | Noticed Ijyb
  4390 | D:5      | Noticed Ijyb
  4390 | D:5      | Ijyb changed into Ijyb the adder
  4392 | D:5      | Killed Ijyb the adder
  4407 | D:5      | Noticed Blork the orc
  4414 | D:5      | Noticed Blork
  4414 | D:5      | Blork the orc changed into Blork the boggart
  4419 | D:5      | Killed Blork the boggart
  4419 | D:5      | Reached skill level 8 in Staves
  4467 | D:5      | Reached skill level 1 in Dodging
  4467 | D:5      | Reached XP level 8. HP: 45/45 MP: 10/10
  4840 | D:5      | Found a glowing drain.
  4872 | Sewer    | Entered a sewer
  4920 | Sewer    | Reached skill level 5 in Dodging
  5062 | D:5      | Noticed Eustachio
  5075 | D:5      | Killed Eustachio
  5974 | D:6      | Found a basalt altar of Yredelemnul.
  5996 | D:6      | Found Layzyps's Jewellery Shoppe.
  6049 | D:6      | Reached XP level 9. HP: 47/50 MP: 11/11
  6153 | D:6      | Found a sparkling altar of Nemelex Xobeh.
  6243 | D:7      | Found a glowing silver altar of Zin.
  6252 | D:7      | Noticed Zwobot's ghost (novice DEFi)
  6269 | D:7      | Killed Zwobot's ghost
  6392 | D:7      | Reached skill level 5 in Fighting
  6424 | D:7      | Found Najinkefuff's Gadget Emporium.
  6445 | D:7      | Found a glowing silver altar of Zin.
  6478 | D:7      | Learned a level 2 spell: Blink
  7443 | D:7      | Found a snail-covered altar of Cheibriados.
  7657 | D:8      | Reached XP level 10. HP: 53/64 MP: 12/12
  8002 | D:8      | Reached skill level 9 in Staves
  8090 | D:8      | Found a staircase to the Lair.
  8345 | D:8      | Reached skill level 10 in Staves
  8397 | D:8      | Found a sacrificial altar of Ru.
  9217 | D:9      | Found an iron altar of Okawaru.
  9234 | D:9      | Got a steaming hand axe
  9332 | D:9      | Reached skill level 11 in Staves
  9378 | D:9      | Found a blossoming altar of Fedhas.
  9936 | D:9      | Reached XP level 11. HP: 67/68 MP: 13/13
 10374 | D:10     | Entered Level 10 of the Dungeon
 10457 | D:10     | Reached skill level 12 in Staves
 10486 | D:10     | Noticed a two-headed ogre
 11088 | D:10     | Noticed Urug
 11096 | D:10     | Mangled by Urug

Skill      XL: |  1  2  3  4  5  6  7  8  9 10 11 |
---------------+----------------------------------+-----
Long Blades    | 2 3 4 |  4.0
Staves         | 4 6 8 11 12 | 12.3
Dodging        | 1 8 9 |  9.2
Fighting       | 3 7 8 |  8.1
Armour         | |  2.4
Shields        | |  2.4

Action                   |  1- 3 |  4- 6 |  7- 9 | 10-12 || total
-------------------------+-------+-------+-------+-------++-------
Melee: Long sword        |    92 |     3 |       |       ||    95
       Quarterstaff      |       |    83 |   299 |   361 ||   743
Evoke: Wand              |       |       |    11 |    13 ||    24
  Use: Potion            |     1 |       |     1 |     1 ||     3
       Scroll            |       |       |    20 |     4 ||    24
 Stab: Confused          |       |     2 |       |       ||     2
       Distracted        |       |     1 |     1 |       ||     2
       Paralysed         |       |       |     2 |     1 ||     3
       Sleeping          |       |       |     2 |       ||     2
       Petrified         |       |       |       |     2 ||     2
  Eat: Chunk             |     3 |     5 |    14 |    22 ||    44
Armor: Scale mail        |    54 |    33 |    14 |       ||   101
       Skin              |       |     1 |       |       ||     1
       Robe              |       |       |     8 |       ||     8
       Leather armour    |       |       |    58 |    73 ||   131
Dodge: Dodged            |    34 |    34 |   186 |   246 ||   500
Block: Shield            |    42 |       |       |       ||    42
       Rpst.: Long sword |    10 |       |       |       ||    10
